 Dungeon Crawl Stone Soup version 0.31-a0-986-g5e6e4ef867 (webtiles) character file.

Game seed: 11670750735955310796

1831 jimbles the Covert (level 8, -7/42 HPs)
             Began as a Spriggan Earth Elementalist on Nov 19, 2023.
             Was an Initiate of Ashenzari.
             Mangled by a manticore (22 damage)
             ... on level 7 of the Dungeon.
             The game lasted 00:27:59 (7278 turns).

jimbles the Covert (Spriggan Earth Elementalist)    Turns: 7278, Time: 00:27:59

Health: -7/42      AC:  2    Str:  4    XL:     8   Next: 86%
Magic:  2/19       EV: 17    Int: 22    God:    Ashenzari [......]
Gold:   456        SH:  0    Dex: 18    Spells: 9/20 levels left

rFire   . . .        a - +4 short sword
rCold   . . .        (no shield)
rNeg    . . .        e - +0 robe
rPois   .            (helmet restricted)
rElec   .            (no cloak)
rCorr   .            (gloves unavailable)
SInv    +            (boots unavailable)
Will    +....        (no amulet)
Stlth   ++++         d - ring of the Sidereal Vision {Int+6, Dev, Alch} (curse)
HPRegen 0.27/turn    (no ring)
MPRegen 0.16/turn

%: no passive effects
@: spiked, on berserk cooldown, very slightly contaminated, slowed, invisible,
quick
A: very small, no large weapons, unfitting armour, see invisible, speed 3
a: Renounce Religion, Curse Item, Shatter the Chains


You were on level 7 of the Dungeon.
You worshipped Ashenzari.
Ashenzari was noncommittal.
You visited 1 branch of the dungeon, and saw 7 of its levels.

You collected 456 gold pieces.

Inventory:

Hand Weapons
 a - a +4 short sword (weapon)
 w - a +0 dagger
Missiles
 f - 53 stones
 n - 11 poisoned darts (quivered)
Armour
 e - a +0 robe (worn)
 v - a +0 buckler
Magical Staves
 b - a staff of conjuration
Jewellery
 d - the cursed ring of the Sidereal Vision (left hand) {Int+6, Dev, Alch}
   (You found it on level 1 of the Dungeon)

   [ring of intelligence]

   Int+6:     It affects your intelligence (+6).
   It has a curse which improves the following skills: Devices: Evocations and
   Shapeshifting.
   Alchemy:   Poison Magic and Transmutations.
Wands
 g - a wand of flame (44)
 j - a wand of acid (8)
 s - a wand of roots (4)
Scrolls
 h - 4 scrolls of identify
 i - a scroll of enchant weapon
 k - a scroll of immolation
 t - 2 scrolls of teleportation
 y - a scroll of brand weapon
 A - a scroll of poison {unknown}
 B - a scroll of revelation {unknown}
Potions
 l - 2 potions of magic
 m - a potion of curing
 o - 2 potions of invisibility
 p - a potion of enlightenment {unknown}
 q - a potion of might {unknown}
 r - a potion of mutation {unknown}
 u - a potion of haste {unknown}
 x - a potion of ambrosia {unknown}
 z - a potion of heal wounds {unknown}


   Skills:
 + Level 4.1 Fighting
 + Level 5.1 Short Blades
 - Level 2.6 Dodging
 + Level 8.6 Stealth
 + Level 6.7 Spellcasting
 + Level 6.8(7.2) Transmutations
 - Level 2.6 Earth Magic


You had 9 spell levels left.
You knew the following spells:

 Your Spells              Type           Power      Damage    Failure   Level
a - Sandblast             Erth           38%        2d10      2%          1
b - Passwall              Tmut/Erth      24%        N/A       1%          2
c - Stone Arrow           Conj/Erth      26%        3d8       14%         3
d - Apportation           Tloc           14%        N/A       9%          1
e - Petrify               Tmut/Erth      29%        N/A       11%         4

Your spell library contained the following spells:

 Spells                   Type           Power      Damage    Failure   Level
 Magic Dart               Conj           28%        1d4       9%          1
 Necrotise                Necr           28%        1d5       9%          1
 Slow                     Hex            28%        N/A       9%          1
 Summon Small Mammal      Summ           28%        N/A       9%          1
 Searing Ray              Conj           14%        2d5       13%         2
 Confusing Touch          Hex            7%         N/A       26%         3
 Sigil of Binding         Hex            7%         N/A       26%         3
 Tukima's Dance           Hex            7%         N/A       26%         3
 Vampiric Draining        Necr           7%         2d6       26%         3
 Brom's Barrelling Bould  Conj/Erth      13%        2d4       43%         4
 Dimensional Bullseye     Hex/Tloc       3%         N/A       63%         4
 Fulminant Prism          Conj/Hex       3%         3d5       63%         4
 Iskenderun's Mystic Bla  Conj/Tloc      7%         2d4       63%         4


Dungeon Overview and Level Annotations

Branches:
Dungeon (7/15)             Temple (0/1) D:6

Altars:
Ashenzari
Dithmenos
Ru
Sif Muna
Trog
Xom

Annotations:
D:5 exclusion: 2 doors
D:6 3 runed translucent doors, XomNomNom's ghost, novice HOMo


Innate Abilities, Weirdness & Mutations

You are very small and have problems with some larger weapons.
You are too small for most types of armour.
You have supernaturally acute eyesight. (SInv)
You cover ground extremely quickly. (Speed+++)


Message History

The howler monkey misses you. The orc warrior misses you.
The manticore flicks its tail.
The volley of spikes misses you.
The manticore flicks its tail.
The volley of spikes hits you!
The barbed spikes become lodged in your body.
* * * LOW HITPOINT WARNING * * *
Okay, then.
Casting: Stone Arrow (dangerous; 14% risk of failure)
Confirm with . or Enter, or press ? or * to list all spells.
You can't see any susceptible monsters within range! (Use Z to cast anyway.)
Casting: Stone Arrow (dangerous; 14% risk of failure)
Confirm with . or Enter, or press ? or * to list all spells.
Aiming: Petrify (quite dangerous; 11% risk of failure)
Press: ? - help, Shift-Dir - straight line, f - manticore
Aim: a manticore (chance to affect: 41%)
The manticore resists with some effort.
The manticore flicks its tail.
The volley of spikes hits you!
The barbed spikes become lodged in your body.
* * * LOW HITPOINT WARNING * * *
Unknown command.
It was a potion of invisibility.
You fade into invisibility!
Unknown command.
It was a potion of berserk rage.
A red film seems to cover your vision as you go berserk!
You feel yourself moving faster!
You feel mighty!
You are too berserk!
You feel a strong urge to attack something.
The manticore flicks its tail.
You feel your anger nearly subside.
You are no longer berserk.
You are exhausted.
You feel yourself slow down.
It was a potion of curing.
You feel better.
You hit the manticore.
The manticore is lightly wounded.
The manticore bites you!!
Ouch! That really hurt!
You die...

######### ###.@.....#
##.#H#####.# #######
#.......##.# ......#
##.#.......# #####.#
#.#..#.#..# #
#.#######.#.......# #
#..............#.## #
##########.#.###.#
##############.#.....#


You could see a manticore (unable to see you).

Vanquished Creatures
  2 trolls (D:7)
  A steam dragon (D:7)
  A sky beast (D:6)
  An orc warrior (D:5)
  A black bear (D:4)
  2 ogres
  2 centaurs
  2 scorpions
  A jelly (D:5)
  2 hounds
  An orc priest (D:7)
  A sleepcap (D:4)
  Ijyb (D:5)
  3 iguanas
  3 orc wizards
  9 adders
  3 gnolls (D:6)
  A white imp (D:7)
  2 ufetubi (D:6)
  A dart slug (D:1)
  9 orcs
  4 bats
  9 endoplasms
  4 giant cockroaches
  10 goblins
  9 hobgoblins
  4 jackals (D:1)
  4 quokkas
  6 ball pythons
  8 kobolds
  8 rats
115 creatures vanquished.

Vanquished Creatures (collateral kills)
  A ball python (D:3)
1 creature vanquished.

Grand Total: 116 creatures vanquished

Notes
Turn   | Place    | Note
-------+----------+-------------------------------------------
     0 | D:1      | jimbles the Spriggan Earth Elementalist began the quest for
                  | the Orb.
     0 | D:1      | Reached XP level 1. HP: 9/9 MP: 5/5
   214 | D:1      | Reached XP level 2. HP: 8/14 MP: 2/6
  1392 | D:2      | Reached skill level 1 in Fighting
  1409 | D:2      | Learned a level 2 spell: Passwall
  1463 | D:2      | Reached XP level 3. HP: 17/18 MP: 4/8
  1542 | D:2      | You fall into a shaft and drop 1 floor!
  1555 | D:3      | Found a broken altar of Ashenzari.
  1565 | D:3      | Became a worshipper of Ashenzari the Shackled
  1644 | D:3      | Found a faded altar of an unknown god.
  1655 | D:3      | Learned a level 3 spell: Stone Arrow
  2087 | D:4      | Reached skill level 1 in Short Blades
  2087 | D:4      | Reached skill level 4 in Stealth
  2128 | D:4      | Reached XP level 4. HP: 22/22 MP: 8/10
  2310 | D:4      | Noticed a black bear
  2322 | D:4      | Killed a black bear
  2323 | D:4      | Reached XP level 5. HP: 26/26 MP: 1/12
  2594 | D:4      | Reached skill level 5 in Stealth
  2802 | D:4      | Reached XP level 6. HP: 30/30 MP: 3/13
  4267 | D:5      | Entered Level 5 of the Dungeon
  4298 | D:5      | Noticed Ijyb
  4353 | D:5      | Found a shimmering blue altar of Sif Muna.
  4526 | D:5      | Reached skill level 6 in Stealth
  4526 | D:5      | Reached XP level 7. HP: 30/35 MP: 10/15
  4586 | D:5      | Found a shadowy altar of Dithmenos.
  4588 | D:5      | Found a shimmering altar of Xom.
  4820 | D:5      | Reached skill level 5 in Spellcasting
  4968 | D:5      | Found a sacrificial altar of Ru.
  4968 | D:5      | Found a bloodstained altar of Trog.
  5087 | D:5      | Reached skill level 5 in Transmutations
  5139 | D:5      | Learned a level 1 spell: Apportation
  5170 | D:5      | Learned a level 4 spell: Petrify
  5191 | D:5      | Killed Ijyb
  5662 | D:6      | Reached skill level 7 in Stealth
  5756 | D:6      | Reached XP level 8. HP: 40/40 MP: 10/17
  5819 | D:6      | Noticed XomNomNom's ghost (novice HOMo)
  5837 | D:6      | Found a staircase to the Ecumenical Temple.
  6330 | D:6      | Found a runed translucent gate.
  6341 | D:6      | Found a runed translucent gate.
  6341 | D:6      | Found a runed translucent gate.
  6518 | D:7      | Noticed a troll
  6526 | D:7      | Noticed a troll
  6529 | D:7      | Killed a troll
  6531 | D:7      | Noticed a slime creature
  6821 | D:7      | Reached skill level 8 in Stealth
  6866 | D:7      | Noticed a manticore
  7091 | D:7      | Killed a troll
  7092 | D:7      | Reached skill level 5 in Short Blades
  7278 | D:7      | Mangled by a manticore

Illustrated notes

Levels and vault maps discovered:
D:1:      scummos_arrival_star, layout_basic
D:2:      layout_loops_corners
D:3:      minmay_diamond_boxcup, layout_loops_ring, mainiacjoe_overflow_catwalk,
          ebering_ecumenical_altar_rust, minmay_increasing_density
D:4:      cheibrodos_greedy_goblins, layout_basic, nrook_mini_vaults,
          nicolae_hexahallways, nicolae_concentric_dashed_squares_wild,
          minmay_misc_feat_diagonals
D:5:      cheibrodos_two_vegetables, layout_gridville,
          nicolae_sif_muna_condensation, nicolae_overflow_hidden_temple,
          uniq_ijyb
D:6:      layout_basic, minmay_temple_entry_slanted, gammafunk_ghost_icy
D:7:      minmay_blocky_corners, layout_loops_cross

Skill      XL: |  1  2  3  4  5  6  7  8 |
---------------+-------------------------+-----
Spellcasting   | 3 4 5 6 |  6.7
Transmutations | 2 3 4 5 6 |  6.8
Fighting       | 1 2 3 4 |  4.1
Short Blades   | 1 2 3 4 5 |  5.1
Stealth        | 4 5 6 7 8 |  8.6
Dodging        | |  2.6
Earth Magic    | |  2.6

Action                     |  1- 3 |  4- 6 |  7- 9 || total
---------------------------+-------+-------+-------++-------
  Melee: Unarmed           |    23 |       |       ||    23
         Dagger            |    40 |    21 |       ||    61
         Short sword       |       |    27 |    38 ||    65
         Punch             |       |       |     1 ||     1
  Throw: Dart              |       |     2 |    15 ||    17
   Cast: Sandblast         |    38 |    20 |    14 ||    72
         Passwall          |     1 |     1 |     2 ||     4
         Stone Arrow       |       |     8 |    33 ||    41
         Petrify           |       |       |     3 ||     3
 Invoke: Curse Item        |     1 |       |       ||     1
  Evoke: Wand              |       |       |     3 ||     3
    Use: Scroll            |     1 |       |     7 ||     8
         Potion            |       |       |     3 ||     3
   Stab: Sleeping          |    10 |    12 |     4 ||    26
         Distracted        |       |     1 |       ||     1
         Petrified         |       |       |     2 ||     2
 Armour: Robe              |    24 |    13 |    32 ||    69
  Dodge: Dodged            |    45 |    33 |    56 ||   134

Table legend: (Time is in decaauts)
 A = Elapsed time spent in this place.
 B = Non-inter-level travel time spent in this place.
 C = Inter-level travel time spent in this place.
 D = Time resting spent in this place.
 E = Time spent auto-exploring this place.
 F = Levels seen in this place.
 G = Mean time per level.
                   A        B        C        D        E       F      G
               +--------+--------+--------+--------+--------+-----+--------+
         Total |   5304 |   5183 |    121 |   1035 |   2777 |   7 |  757.7 |
       Dungeon |   5304 |   5183 |    121 |   1035 |   2777 |   7 |  757.7 |
               +--------+--------+--------+--------+--------+-----+--------+

Top non-repeatable levels by time:
     D:1: 995 daAuts
     D:5: 951 daAuts
     D:4: 882 daAuts
     D:6: 861 daAuts
     D:3: 554 daAuts
     D:2: 544 daAuts
     D:7: 515 daAuts
